AoeStats
← 牛油果

Black Forest

507940032Analyzed
4v4 RM · 13d ago on Sep 20, 2026· 36m 49s· 8 players
Game mode
Random Map
Map size
Large (8 player)
Population
200
Speed
Normal
Resources
Standard
Victory
Conquest
Starting age
Dark Age
Ending age
Imperial Age
RankedLock teamsTeams togetherTeam positionsShared explorationLock speedFull tech treeHidden civsTurbo modeCheats
Victory
Defeat
🇮🇹 Wu · Italy
1704
+9
🇨🇳 Burgundians · China
1609
+12
🇧🇪 Franks · Belgium
1598
+13
🇹🇷 Hindustanis · Türkiye
1535
+15
🇭🇰 Malians · Hong Kong SAR China
1607
-15
🇭🇰 Maya · Hong Kong SAR China
1543
-13
🇭🇰 Armenians · Hong Kong SAR China
1498
-11
🇭🇰 Dravidians · Hong Kong SAR China
1459
-10
JINX
11:17 Feudal Age
12:35 Double-Bit Axe
15:02 Castle Age
13:42 Fishing Lines
16:02 Bow Saw
17:24 Loom
21:23 Wheelbarrow
23:31 Gillnets
24:01 Scale Barding Armor
25:51 Gold Mining
27:12 Chain Barding Armor
29:47 Imperial Age
27:33 Hand Cart
28:30 Gold Shaft Mining
28:32 Chain Barding Armor
28:23 Forging
28:15 Squires
28:01 Arson
29:14 Coinage
28:59 Husbandry
29:28 #83
29:49 Scale Mail Armor
31:10 Conscription
30:10 Elite Throwing Axeman
31:42 Plate Barding Armor
32:49 Iron Casting
32:31 Chain Mail Armor
33:31 Banking
35:06 Blast Furnace
34:04 Stone Mining
33:44 Cavalier
35:00 Plate Barding Armor
34:27 Chivalry
37:27 Plate Mail Armor
布布
5:00 Double-Bit Axe
10:26 Feudal Age
14:01 Castle Age
12:26 Bow Saw
19:57 Wheelbarrow
19:57 Loom
20:51 Redemption
21:02 Sanctity
23:54 Sanctity
31:55 Hand Cart
32:22 Horse Collar
33:45 Two-Man Saw
32:37 Gold Mining
32:38 Stone Mining
32:44 Stone Mining
34:38 Loom
34:38 Town Watch
36:12 Scale Mail Armor
Dott_Berlu
6:16 Loom
8:55 Feudal Age
9:01 Man-at-Arms
13:53 Double-Bit Axe
14:54 Fletching
16:24 Horse Collar
23:38 Castle Age
24:50 Bow Saw
24:41 Bodkin Arrow
38:51 Imperial Age
37:44 Wheelbarrow
36:54 Town Watch
[CAF] BabaYaga
10:30 Loom
12:15 Feudal Age
13:47 Fishing Lines
17:02 Castle Age
17:48 Gillnets
18:00 Double-Bit Axe
19:47 Wheelbarrow
23:41 Imperial Age
21:42 Bow Saw
21:56 Gold Mining
23:44 Padded Archer Armor
24:24 Gold Shaft Mining
25:25 Chemistry
24:42 Leather Archer Armor
25:20 Hand Cart
27:16 Stone Mining
29:04 Ring Archer Armor
30:44 Caravan
34:11 Siege Engineers
34:27 Ballistics
34:18 Masonry
[Marty]TheEY
11:09 Feudal Age
14:48 Castle Age
13:05 Double-Bit Axe
16:13 Bow Saw
17:05 Fishing Lines
18:13 Horse Collar
18:40 Gillnets
22:24 Wheelbarrow
21:34 Horse Collar
22:03 Gold Mining
26:50 Imperial Age
25:52 Scale Mail Armor
26:02 Forging
27:00 Chain Mail Armor
26:33 Loom
27:05 Hand Cart
26:18 Pikeman
26:58 Squires
26:47 Arson
26:54 Capped Ram
27:49 Siege Ram
29:24 Plate Mail Armor
28:57 Halberdier
30:18 Man-at-Arms
30:44 Gambesons
31:11 Long Swordsman
32:27 Iron Casting
32:41 Fereters
32:56 Conscription
32:47 Two-Handed Swordsman
34:29 Blast Furnace
32:53 Elite Composite Bowman
34:18 Fletching
34:49 Ballistics
35:30 Chemistry
34:55 Elite Composite Bowman
35:56 Conscription
35:58 Bodkin Arrow
36:04 Padded Archer Armor
evi
2:23 Loom
4:33 Loom
11:17 Feudal Age
14:53 Castle Age
13:09 Double-Bit Axe
23:29 Bow Saw
27:39 Wheelbarrow
26:56 Gold Mining
27:59 Fishing Lines
28:12 Stone Mining
29:12 Scale Barding Armor
29:01 Gillnets
29:01 Horse Collar
30:08 Light Cavalry
30:49 Husbandry
31:01 Forging
31:43 Chain Barding Armor
32:07 Hand Cart
32:28 Iron Casting
36:06 Imperial Age
34:44 Scale Mail Armor
34:27 Man-at-Arms
34:52 Gambesons
35:08 Squires
牛油果
0:45 Loom
10:15 Feudal Age
17:47 Wheelbarrow
18:06 Double-Bit Axe
23:01 Castle Age
23:58 Town Watch
24:25 Bow Saw
29:05 Imperial Age
27:56 Bow Saw
30:49 Chemistry
29:46 Fishing Lines
32:45 Conscription
局長
0:32 Loom
10:31 Feudal Age
11:08 Double-Bit Axe
12:14 Fletching
13:02 Padded Archer Armor
17:55 Horse Collar
22:34 Gold Mining
26:34 Castle Age
24:31 Stone Mining
26:50 Wheelbarrow
27:27 Thumb Ring
27:58 Bow Saw
27:46 Bodkin Arrow
28:18 Leather Archer Armor
34:41 Fortified Wall
34:52 Ballistics
Connection lost

Rejoining the realm…

Still unreachable

The connection could not be restored.

Session expired

The server has moved on; the page needs a fresh start.